 Dungeon Crawl Stone Soup version 0.29.0-11-gd7f09526c8 (webtiles) character file.

Game seed: 11006030967920472730

3459 SnakkuSnakku7 the Cleaver (level 10, -2/78 HPs)
             Began as a Barachi Chaos Knight on Sept 6, 2022.
             Was a Plaything of Xom.
             Engulfed by a steam dragon's steam (7 damage)
             ... on level 8 of the Dungeon.
             The game lasted 00:12:17 (7253 turns).

SnakkuSnakku7 the Cleaver (Barachi Chaos Knight)    Turns: 7253, Time: 00:12:17

Health: -2/78      AC:  8    Str: 18    XL:     10   Next: 6%
Magic:  10/10      EV:  9    Int: 12    God:    Xom [*.....]
Gold:   267        SH:  0    Dex: 12    Spells: 9/9 levels left

rFire   . . .      SeeInvis +   a - +9 battleaxe of Tugettow {chaos, Will+}
rCold   . . .      Faith    .   (shield currently unavailable)
rNeg    . . .      Spirit   .   O - +0 scale mail {Will+}
rPois   +          Reflect  .   (helmet restricted)
rElec   .          Harm     .   D - +0 cloak
rCorr   .          Rampage  .   w - +0 pair of gloves
Will    ++...                   (no boots)
Stlth   ..........              z - amulet of the acrobat
HPRegen 0.23/turn               k - ring of see invisible
MPRegen 0.12/turn               d - ring of poison resistance

@: unable to hop, slow
A: amphibious, slowness 1, strong legs 1, +LOS, horns 2, robust 1
a: Hop, Renounce Religion


You were on level 8 of the Dungeon.
You worshipped Xom.
You were a special plaything of Xom.
You visited 1 branch of the dungeon, and saw 8 of its levels.
You also visited: Sewer.

You collected 358 gold pieces.
You spent 91 gold pieces at shops.

Inventory:

Hand Weapons
 a - the +9 battleaxe of Tugettow (weapon) {chaos, Will+}
   (Xom gifted it to you on level 2 of the Dungeon)

   Each time it hits an enemy it has a different, random effect.
   Will:      It increases your willpower.
Missiles
 h - 19 poisoned darts (quivered)
 R - 4 curare-tipped darts
Armour
 b - a +2 leather armour
 w - a +0 pair of gloves (worn)
 x - a +0 buckler
 D - a +0 cloak (worn)
 F - a +1 helmet
 O - a +0 scale mail of willpower (worn)
Jewellery
 d - a ring of poison resistance (right hand)
 k - a ring of see invisible (left hand)
 z - an amulet of the acrobat (around neck)
 A - a ring of flight
 I - a ring of protection from fire
Wands
 q - a wand of polymorph (9)
 G - a wand of digging (3)
 L - a wand of mindburst (6)
Scrolls
 e - 2 scrolls of magic mapping {unknown}
 g - 5 scrolls of teleportation
 o - 2 scrolls of immolation
 p - a scroll of summoning {unknown}
 t - 5 scrolls of enchant weapon
 u - a scroll of blinking {unknown}
 v - 3 scrolls of vulnerability {unknown}
 y - a scroll of fog {unknown}
 E - 3 scrolls of amnesia {unknown}
 K - a scroll of noise {unknown}
 N - a scroll of brand weapon {unknown}
 Q - 2 scrolls of identify
Potions
 f - a potion of cancellation
 i - 2 potions of degeneration {unknown}
 j - a potion of magic
 l - 2 potions of lignification
 m - 2 potions of invisibility
 n - 2 potions of brilliance
 r - 4 potions of haste
 s - a potion of flight
 B - 2 potions of might
 C - a potion of attraction
 H - a potion of mutation
 J - a potion of resistance
 M - 3 potions of curing {unknown}
 P - a potion of berserk rage
Miscellaneous
 c - a piece from Xom's chessboard (15/15)


   Skills:
 - Level 4.1 Fighting
 + Level 14.2 Axes
 - Level 5.0 Throwing
 - Level 2.4 Armour
 - Level 1.1 Dodging


You had 9 spell levels left.
You didn't know any spells.
Your spell library contained the following spells:

 Spells                   Type           Power      Damage    Failure   Level
 Magic Dart               Conj           0%         1d3       71%         1
 Call Imp                 Summ           0%         N/A       85%         2
 Mephitic Cloud           Conj/Pois/Air  0%         N/A       97%         3
 Petrify                  Tmut/Erth      0%         N/A       100%        4
 Metabolic Englaciation   Hex/Ice        0%         N/A       100%        5
 Statue Form              Tmut/Erth      0%         N/A       100%        6


Dungeon Overview and Level Annotations

Branches:
Dungeon (8/15)             Temple (0/1) D:7           Sewer (visited)
   Lair: D:8-11

Altars:
Elyvilon
Makhleb
Ru
Sif Muna
Trog
Wu Jian
Yredelemnul
The Shining One

Shops:
D:1 *([(?

Annotations:
D:4 Dig
D:5 3 runed translucent doors, Flarelocke's ghost, novice MiFi


Innate Abilities, Weirdness & Mutations

You are amphibious.
You cover ground slowly.
You can hop short distances.
You have an extended range of vision and can be seen from far away.
You have a pair of horns on your head.
You are robust. (+10% HP)


Message History

The ball of steam hits you!
Found a scroll of teleportation.
You are engulfed in a cloud of scalding steam.
The steam dragon breathes steam at you. The ball of steam misses you.
You see here 6 gold pieces.
No reachable target in view!
No reachable target in view!
No reachable target in view!
You are engulfed in a cloud of scalding steam.
The steam dragon completely misses you. The steam dragon misses you.
The steam dragon completely misses you. x2
You hit the steam dragon.
You feel better.
You headbutt the steam dragon.
The steam dragon is lightly wounded.
You are engulfed in a cloud of scalding steam.
The steam dragon bites you.
The steam dragon claws you but does no damage.
You slash the steam dragon!
The steam dragon flickers and vanishes for a moment.
The steam dragon is heavily wounded.
You are engulfed in a cloud of scalding steam.
The steam dragon bites you.
The steam dragon claws you but does no damage.
You closely miss the steam dragon. Your headbutt misses the steam dragon.
The steam dragon is heavily wounded.
The steam dragon breathes steam at you. The ball of steam hits you!
* * * LOW HITPOINT WARNING * * *
You completely miss the steam dragon.
The steam dragon is heavily wounded.
You are engulfed in a cloud of scalding steam.
* * * LOW HITPOINT WARNING * * *
The steam dragon bites you!
* * * LOW HITPOINT WARNING * * *
The steam dragon barely misses you.
Hop to where?
Press: ? - help, Dir - move target Boing!
You are engulfed in a cloud of scalding steam.
You die...

....#.#........)))........
#####.#######..)........##
#. #...........# #
#..........##
#.#######..........#
.......>.............
######.....##.....<.
#§§§......# .......
#.§.@###### ####.##
#.§§$##### .# #.#.☼.?..#
#.#..D##.# # #...# #...#
#...# #.... #.###


You could see a steam dragon (invisible).

Vanquished Creatures
  A steam dragon (D:8)
  2 water moccasins
  Pargi (Sewer)
  2 sky beasts
  A black bear (D:5)
  4 ogres
  2 phantoms
  A bullfrog (D:8)
  2 kobold brigands (D:6)
  A gnoll sergeant (D:6)
  2 scorpions
  4 wights (D:8)
  6 killer bees (D:7)
  A howler monkey (D:4)
  A gnoll bouda (D:8)
  3 orc priests
  Crazy Yiuf (D:7)
  3 hounds
  3 jellies
  3 iguanas
  Natasha (D:2)
  Terence (D:2)
  An orc wizard (D:7)
  Robin (D:2)
  6 adders
  10 gnolls
  3 white imps
  3 worms
  A dart slug (D:1)
  22 orcs
  11 bats
  5 endoplasms
  5 giant cockroaches
  11 goblins
  12 hobgoblins
  6 jackals
  4 quokkas
  5 ball pythons
  2 frilled lizards (D:1)
  28 kobolds
  6 rats
188 creatures vanquished.

Vanquished Creatures (collateral kills)
  A two-headed ogre (D:8)
1 creature vanquished.

Vanquished Creatures (others)
  9 plants (D:6)
9 creatures vanquished.

Grand Total: 198 creatures vanquished

Notes
Turn   | Place    | Note
-------+----------+-------------------------------------------
     0 | D:1      | SnakkuSnakku7 the Barachi Chaos Knight began the quest for
                  | the Orb.
     0 | D:1      | Reached XP level 1. HP: 18/18 MP: 1/1
    50 | D:1      | Found Cicsed's Weapon Emporium.
   142 | D:1      | Found Eneod's General Store.
   156 | D:1      | Reached XP level 2. HP: 23/25 MP: 2/2
   206 | D:1      | Found Gymion's Weapon Boutique.
   217 | D:1      | XOM: divination: detect creatures
   256 | D:1      | XOM: cast spell 'Summon Small Mammal'
   258 | D:1      | Found a faded altar of an unknown god.
   340 | D:1      | XOM: divination: detect creatures
   398 | D:1      | XOM: divination: detect creatures
   517 | D:1      | Found Ykycouh's Magic Scroll Emporium.
   534 | D:1      | Found Mam Essots's Armour Shoppe.
   854 | D:1      | XOM: silly message
   969 | D:2      | Noticed Natasha
  1019 | D:2      | Noticed Terence
  1023 | D:2      | XOM: silly message
  1033 | D:2      | XOM: confuse monster(s)
  1040 | D:2      | Reached skill level 4 in Axes
  1040 | D:2      | Reached skill level 1 in Throwing
  1040 | D:2      | Reached XP level 3. HP: 27/30 MP: 3/3
  1043 | D:2      | Killed Terence
  1044 | D:2      | Reached XP level 4. HP: 34/37 MP: 4/4
  1137 | D:2      | XOM: smoke on damage
  1364 | D:2      | Noticed Robin
  1581 | D:2      | Identified the +9 battleaxe of Tugettow {holy, Will+} (Xom
                  | gifted it to you on level 2 of the Dungeon)
  1581 | D:2      | XOM: god gift: +9 battleaxe of Tugettow {chaos, Will+}
  1591 | D:2      | Killed Robin
  1801 | D:2      | XOM: scenery: 1 doors open
  1835 | D:2      | Reached XP level 5. HP: 41/42 MP: 5/5
  1975 | D:2      | XOM: god gift: chain mail {god gift}
  1981 | D:2      | XOM: polymorph adder -> hound
  1983 | D:2      | Reached skill level 5 in Axes
  2152 | D:2      | XOM: fog
  2155 | D:2      | Killed Natasha
  2195 | D:2      | XOM: god gift: scarf of harm
  2246 | D:1      | Bought a scroll of identify for 26 gold pieces
  2246 | D:1      | Bought a scroll of identify for 26 gold pieces
  2246 | D:1      | Bought a scroll of teleportation for 39 gold pieces
  2284 | D:3      | Found a bloodstained altar of Trog.
  2301 | D:3      | Found a shimmering blue altar of Sif Muna.
  2334 | D:3      | Noticed an ogre
  2337 | D:3      | XOM: polymorph rat -> bat
  2338 | D:3      | XOM: polymorph bat -> goblin
  2359 | D:3      | Killed an ogre
  2360 | D:3      | Reached XP level 6. HP: 48/48 MP: 6/6
  2471 | D:3      | Found a glowing drain.
  2489 | Sewer    | Entered a sewer
  2512 | Sewer    | Noticed Pargi
  2520 | Sewer    | XOM: fog
  2524 | Sewer    | Killed Pargi
  2525 | Sewer    | Reached skill level 6 in Axes
  2573 | Sewer    | XOM: summons 2 hostile shadow creatures
  3027 | D:3      | XOM: give mutations
  3027 | D:3      | Gained mutation: You are robust. (+10% HP) [Xom's grace]
  3027 | D:3      | Gained mutation: You have a pair of small horns on your
                  | head. [Xom's grace]
  3027 | D:3      | Gained mutation: You have a pair of horns on your head.
                  | [Xom's grace]
  3055 | D:4      | Noticed a sky beast
  3055 | D:4      | an ogre changed into a sky beast
  3055 | D:4      | XOM: polymorph ogre -> sky beast
  3059 | D:4      | Killed a sky beast
  3060 | D:4      | Reached XP level 7. HP: 58/59 MP: 7/7
  3126 | D:4      | Reached skill level 5 in Throwing
  3204 | D:4      | Reached skill level 7 in Axes
  3212 | D:4      | XOM: enchant monster (good)
  3317 | D:4      | XOM: divination: detect creatures
  3530 | D:4      | Identified the +12 shortbow "Aged" {freeze, rPois Str+3
                  | Int+7 Dex-2}
  3555 | D:4      | Found a burning altar of Makhleb.
  3679 | D:5      | Entered Level 5 of the Dungeon
  3679 | D:5      | Noticed Flarelocke's ghost (novice MiFi)
  3679 | D:5      | Found a runed translucent gate.
  3679 | D:5      | Found a runed translucent gate.
  3679 | D:5      | Found a runed translucent gate.
  3702 | D:5      | XOM: potion effect (might)
  3703 | D:5      | Reached skill level 8 in Axes
  3703 | D:5      | Reached XP level 8. HP: 51/66 MP: 8/8
  3950 | D:5      | XOM: silly message
  4116 | D:5      | Reached skill level 9 in Axes
  4280 | D:5      | XOM: noise
  4309 | D:5      | XOM: silly message
  4498 | D:6      | XOM: summons friendly crimson imp
  4529 | D:6      | Reached skill level 10 in Axes
  4546 | D:6      | Found a glowing golden altar of the Shining One.
  4704 | D:6      | XOM: noise
  4957 | D:6      | XOM: god gift: flail {god gift}
  5249 | D:7      | Reached skill level 11 in Axes
  5252 | D:7      | Reached XP level 9. HP: 71/71 MP: 9/9
  5362 | D:7      | Found a white marble altar of Elyvilon.
  5425 | D:7      | HP: 2/71 [orc/+0 club (4)]
  5471 | D:6      | XOM: scenery: summon butterflies
  5575 | D:6      | XOM: god gift: wand of mindburst (6)
  5629 | D:6      | XOM: silly message
  5767 | D:7      | Reached skill level 12 in Axes
  5795 | D:7      | Found a basalt altar of Yredelemnul.
  5864 | D:7      | Found a sacrificial altar of Ru.
  6289 | D:6      | XOM: silly message
  6308 | D:7      | Found a runed translucent door.
  6309 | D:7      | Noticed Crazy Yiuf
  6623 | D:7      | Found a staircase to the Ecumenical Temple.
  6681 | D:7      | XOM: scenery: 2 fountains blood, 2 doors open
  6747 | D:7      | Killed Crazy Yiuf
  6981 | D:8      | Noticed a two-headed ogre
  6999 | D:8      | XOM: cast spell 'Summon Hydra'
  7003 | D:8      | XOM: cast spell 'Necromutation'
  7006 | D:8      | Killed a two-headed ogre
  7007 | D:8      | Reached skill level 13 in Axes
  7051 | D:8      | Reached skill level 14 in Axes
  7051 | D:8      | Reached XP level 10. HP: 63/78 MP: 10/10
  7102 | D:8      | XOM: 4-stop teleportation journey
  7138 | D:8      | Found an ornate altar of the Wu Jian Council.
  7253 | D:8      | Engulfed by a steam dragon's steam

Illustrated notes

Levels and vault maps discovered:
D:1:      saegor_arrival_simple_d, layout_basic,
          hellmonk_ecumenical_altar_lost_god, serial_shops, shop, shop, shop,
          nicolae_square_shop, shop, corner_web_ring,
          amcnicky_mini_rare_corridor_liquid, minmay_fountain_box
D:2:      layout_loops_ring, minmay_joined_circles, uniq_robin, uniq_terence,
          uniq_natasha
D:3:      layout_basic, bloody_trog, led_sif_pool, portal_sewer_entry_a
D:4:      layout_cave_pools, mainiacjoe_overflow_alcove_1, minmay_surrounded
D:5:      layout_loops_ring, gammafunk_ghost_split
D:6:      kennysheep_kobold_camp, layout_cave_pools,
          mainiacjoe_overflow_24_doors, minmay_misc_feat_square,
          kennysheep_minor_cross, ebering_dispersal_statue_hall
D:7:      layout_basic, kennysheep_ying_yang, nicolae_ru_sacrificial_ziggurat,
          minmay_temple_entry_drinking_statues, uniq_crazy_yiuf_cottage
D:8:      layout_cave_pools, evilmike_ruin_ashenzari,
          nicolae_overflow_hidden_temple, nicolae_wu_jian_immortal_techniques,
          serial_co_window_serial, co_window_paths_b, co_window_corner_a,
          co_window_of_opportunity_a, co_window_paths_b, co_window_corner_a,
          co_window_of_opportunity_b, co_window_corner_cb,
          co_window_unsneaky_path_b, co_window_4corner_a, co_window_4corner_b,
          glass_columns_b, glass_columns_b, glass_columns_a

Skill      XL: |  1  2  3  4  5  6  7  8  9 |
---------------+----------------------------+-----
Fighting       | 4 |  4.1
Axes           | 4 5 6 8 11 14 | 14.2
Throwing       | 1 2 3 4 5 |  5.0
Armour         | |  2.4
Dodging        | |  1.1

Action                   |  1- 3 |  4- 6 |  7- 9 | 10-12 || total
-------------------------+-------+-------+-------+-------++-------
Melee: Hand axe          |    47 |    37 |       |       ||    84
       Unarmed           |    12 |       |       |       ||    12
       Battleaxe         |       |    75 |   173 |    22 ||   270
       Headbutt          |       |     1 |    15 |     3 ||    19
Throw: Dart              |       |     5 |    15 |       ||    20
 Abil: Hop               |       |     1 |     2 |     1 ||     4
Evoke: Piece from Xom's  |       |     2 |       |       ||     2
  Use: Scroll            |       |     7 |     6 |       ||    13
       Potion            |       |       |     3 |       ||     3
 Stab: Confused          |     4 |       |       |       ||     4
Armor: Leather armour    |    13 |    32 |    38 |       ||    83
       Scale mail        |       |       |    36 |     4 ||    40
Dodge: Dodged            |    34 |   103 |   132 |    17 ||   286
